 Dungeon Crawl Stone Soup version 0.22-a0-247-gbddf880757 (webtiles) character file.

9883 Peterchen the Cleaver (level 11, -10/100 HPs)
             Began as a Minotaur Berserker on Feb 24, 2018.
             Was a Priest of Trog.
             Mangled by a six-headed hydra (12 damage)
             ... on level 12 of the Dungeon.
             The game lasted 00:29:14 (10414 turns).

Peterchen the Cleaver (Minotaur Berserker)         Turns: 10414, Time: 00:29:14

Health: -10/100    AC: 19    Str: 24    XL:     11   Next: 28%
Magic:  10/10      EV: 14    Int:  4    God:    Trog [***...]
Gold:   889        SH:  0    Dex: 11    Spells: 10/10 levels left

rFire    + + +     SeeInvis .   a - +0 battleaxe
rCold    . . .     Gourm    .   (shield currently unavailable)
rNeg     . . .     Faith    .   G - +1 fire dragon scales
rPois    .         Spirit   .   (helmet restricted)
rElec    .         Reflect  .   (no cloak)
rCorr    .         Harm     .   y - +2 pair of gloves
MR       ++...                  t - +2 pair of boots
Stlth    ..........             (no amulet)
HPRegen  1.26/turn              j - ring of protection from cold
MPRegen  0.12/turn              s - ring of protection from fire

@: berserk cooldown, regenerating, slowed, very slow
A: retaliatory headbutt, horns 2
a: Berserk, Trog's Hand, Renounce Religion


You were on level 12 of the Dungeon.
You worshipped Trog.
Trog was most pleased with you.
You were very hungry.

You visited 1 branch of the dungeon, and saw 12 of its levels.

You collected 889 gold pieces.

Inventory:

Hand Weapons
 a - a +0 battleaxe (weapon)
Missiles
 f - 4 steel javelins
 h - 17 tomahawks
 u - 3 silver javelins (quivered)
 E - 2 tomahawks of dispersal
Armour
 t - a +2 pair of boots (worn)
 y - a +2 pair of gloves (worn)
 G - +1 fire dragon scales (worn)
Jewellery
 j - a ring of protection from cold (left hand)
 s - a ring of protection from fire (right hand)
Wands
 g - a wand of random effects (43)
 l - a wand of enslavement (2)
 x - a wand of iceblast (12)
 C - a wand of acid (8)
Scrolls
 b - 3 scrolls of fog
 d - a scroll of magic mapping
 e - a scroll of blinking {unknown}
 i - 6 scrolls of remove curse
 n - 5 scrolls of amnesia
 p - a scroll of teleportation
 v - 3 scrolls of immolation {unknown}
 F - a scroll of identify
Potions
 k - 4 potions of curing
 m - 3 potions of invisibility
 q - 3 potions of magic
 r - a potion of agility {unknown}
 w - a potion of mutation {unknown}
 z - 2 potions of brilliance {unknown}
 A - a potion of lignification {unknown}
 B - 4 potions of haste {unknown}
 D - 2 potions of cancellation {unknown}
Comestibles
 c - 16 rations


   Skills:
 + Level 10.2 Fighting
 * Level 13.4 Axes
 + Level 9.8 Armour
 + Level 9.0 Dodging


You had 10 spell levels left.
You didn't know any spells.

Dungeon Overview and Level Annotations

Branches:
Dungeon (12/15)            Temple (0/1) D:4            Lair (0/6) D:9
    Orc: D:9-12

Altars:
Ashenzari
Elyvilon
Gozag
Hepliaklqana
Okawaru
Qazlal
Vehumet
Xom

Annotations:
D:11 Sonja


Innate Abilities, Weirdness & Mutations

You reflexively headbutt those who attack you in melee.
You have a pair of horns on your head.


Message History

* * * LOW HITPOINT WARNING * * *
The five-headed hydra bites you but does no damage.
The five-headed hydra misses you.
The five-headed hydra bites you but does no damage.
The five-headed hydra completely misses you.
The five-headed hydra bites you.
* * * LOW HITPOINT WARNING * * *
You chop one of the five-headed hydra's heads off!
The four-headed hydra grows two more!
You hit the six-headed hydra. You headbutt the six-headed hydra.
The six-headed hydra is severely wounded.
You are no longer corroded.
The six-headed hydra bites you but does no damage.
The six-headed hydra bites you.
* * * LOW HITPOINT WARNING * * *
The six-headed hydra bites you but does no damage.
The six-headed hydra bites you.
* * * LOW HITPOINT WARNING * * *
The six-headed hydra bites you!
You die...

#################
#........@D......
#.###############
.#### #.# #....
#.# .#### #.#
..... #.# .....
#.# ..### ###.#
#. #...# ...


You could see a six-headed hydra.

Vanquished Creatures
  A fire dragon (D:9)
  5 two-headed ogres
  An ugly thing (D:8)
  Joseph (D:7)
  2 hippogriffs
  A basilisk (D:10)
  A human (D:7)
  4 hogs (D:7)
  Menkaure (D:7)
  2 acid dragons
  2 necrophages
  2 orc warriors
  A phantom (D:7)
  2 sky beasts
  An eye of draining (D:10)
  The ghost of Fuhrer the Chopper, an amateur DDFi (D:4)
  2 ice beasts
  9 ogres
  3 centaurs
  5 bullfrogs
  A scorpion (D:7)
  4 wights (D:8)
  2 howler monkeys
  A jelly (D:10)
  3 crimson imps
  A gnoll shaman (D:8)
  4 orc priests
  7 hounds
  12 orc wizards
  2 iguanas (D:7)
  Ijyb (D:3)
  8 worker ants
  A howler monkey zombie (D:10)
  6 gnolls
  12 adders
  2 shadow imps
  An ooze (D:2)
  An adder zombie (D:7)
  A worm (D:2)
  2 dart slugs
  3 leopard geckos
  32 orcs
  11 bats
  5 giant cockroaches
  6 hobgoblins
  15 jackals
  9 kobolds
  3 quokkas
  6 ball pythons
  3 frilled lizards
  A giant cockroach zombie (D:5)
  9 goblins
  5 rats
227 creatures vanquished.

Notes
Turn   | Place    | Note
-------+----------+-------------------------------------------
     0 | D:1      | Peterchen the Minotaur Berserker began the quest for the Orb.
     0 | D:1      | Reached XP level 1. HP: 19/19 MP: 0/0
   441 | D:1      | Reached XP level 2. HP: 27/27 MP: 1/1
   530 | D:1      | Reached skill level 4 in Axes
  1117 | D:2      | Found an iron altar of Okawaru.
  1154 | D:2      | Noticed a bullfrog
  1163 | D:2      | Killed a bullfrog
  1163 | D:2      | Reached XP level 3. HP: 14/33 MP: 2/2
  1163 | D:2      | Reached XP level 4. HP: 17/40 MP: 3/3
  1165 | D:2      | Reached ** piety under Trog
  1428 | D:2      | Reached skill level 5 in Axes
  1574 | D:2      | Reached XP level 5. HP: 33/47 MP: 4/4
  2097 | D:3      | Noticed Ijyb
  2470 | D:3      | Killed Ijyb
  2803 | D:3      | Found a shimmering altar of Xom.
  2892 | D:4      | Reached XP level 6. HP: 44/55 MP: 5/5
  2894 | D:4      | Reached skill level 6 in Axes
  2905 | D:4      | Reached skill level 5 in Fighting
  2913 | D:4      | Found a stormy altar of Qazlal.
  2915 | D:4      | Noticed Fuhrer's ghost (amateur DDFi)
  2929 | D:4      | Killed Fuhrer's ghost
  3125 | D:4      | Found a radiant altar of Vehumet.
  3241 | D:4      | Reached *** piety under Trog
  3246 | D:4      | Found a staircase to the Ecumenical Temple.
  3445 | D:4      | Reached XP level 7. HP: 57/61 MP: 6/6
  3581 | D:4      | Reached skill level 7 in Axes
  3655 | D:4      | Reached skill level 5 in Armour
  3716 | D:5      | Entered Level 5 of the Dungeon
  3730 | D:5      | Found a white marble altar of Elyvilon.
  4103 | D:5      | Reached skill level 8 in Axes
  4103 | D:5      | Reached skill level 5 in Dodging
  4103 | D:5      | Reached XP level 8. HP: 58/70 MP: 7/7
  4285 | D:5      | Found an opulent altar of Gozag.
  5416 | D:7      | Noticed Joseph
  5438 | D:7      | Killed Joseph
  5438 | D:7      | Reached skill level 9 in Axes
  5490 | D:7      | Noticed Menkaure
  5542 | D:7      | Killed Menkaure
  5692 | D:7      | Reached XP level 9. HP: 63/79 MP: 8/8
  5698 | D:7      | Found a hazy altar of Hepliaklqana.
  5874 | D:7      | Reached **** piety under Trog
  5970 | D:7      | Reached skill level 10 in Axes
  6731 | D:8      | Reached skill level 11 in Axes
  6908 | D:8      | Noticed a two-headed ogre
  6909 | D:8      | Noticed a white ugly thing
  6916 | D:8      | Killed a white ugly thing
  6916 | D:8      | Reached XP level 10. HP: 90/90 MP: 9/9
  6919 | D:8      | Killed a two-headed ogre
  7377 | D:8      | HP: 3/135 [orc warrior/battleaxe (7)]
  8229 | D:9      | Found a shattered altar of Ashenzari.
  8439 | D:9      | Noticed a two-headed ogre
  8446 | D:9      | Killed a two-headed ogre
  8446 | D:9      | Reached skill level 12 in Axes
  8670 | D:9      | Found a staircase to the Lair.
  9073 | D:9      | Noticed a fire dragon
  9083 | D:9      | Killed a fire dragon
  9346 | D:10     | Entered Level 10 of the Dungeon
  9603 | D:10     | Noticed a two-headed ogre
  9611 | D:10     | Killed a two-headed ogre
  9611 | D:10     | Reached skill level 13 in Axes
  9611 | D:10     | Reached XP level 11. HP: 46/99 MP: 10/10
  9880 | D:10     | Noticed a two-headed ogre
  9890 | D:10     | Killed a two-headed ogre
  9890 | D:10     | Reached skill level 10 in Fighting
 10193 | D:11     | Noticed Sonja
 10259 | D:11     | Noticed a two-headed ogre
 10269 | D:11     | Killed a two-headed ogre
 10276 | D:12     | Noticed a six-headed hydra
 10276 | D:12     | Noticed a white ugly thing
 10276 | D:12     | Noticed a deep elf mage
 10402 | D:12     | Noticed a four-headed hydra
 10413 | D:12     | HP: 5/100 [five-headed hydra (7)]
 10414 | D:12     | HP: 2/100 [six-headed hydra (2)]
 10414 | D:12     | Mangled by a six-headed hydra

Vault maps used:
D:1:      lightli_arrival_windingriver
D:2:      okawaru_ov_weapons_minmay, first_ration, kennysheep_generic_room_9
D:3:      marbit_many_paths, uniq_ijyb
D:4:      lemuel_coloured_pillars_altar, grunt_qazlal_sundering,
          minmay_temple_entry_crystal_x
D:5:      nicolae_overflow_crystal_walls, minmay_misc_feat_five,
          minmay_misc_feat_cross, nicolae_gozag_seed_capital
D:7:      overflow_temple_1_default, grunt_livestock, uniq_joseph, uniq_menkaure
D:9:      dragon1_lemuel, kennysheep_mini, lair_entry_dummy,
          hangedman_glass_teeth
D:10:     fungi_pond_lemuel, corexii_checkpoint_b
D:11:     david_orc_1_choice, uniq_sonja
D:12:     minmay_strange_plus, minivault_14

Skill      XL: |  1  2  3  4  5  6  7  8  9 10 11 |
---------------+----------------------------------+-----
Axes           | 4 5 6 8 9 11 13 | 13.4
Fighting       | 4 5 6 7 8 9 10 | 10.2
Armour         | 3 4 5 6 8 9 |  9.8
Dodging        | 3 4 5 6 7 8 9 |  9.0

Action                   |  1- 3 |  4- 6 |  7- 9 | 10-12 || total
-------------------------+-------+-------+-------+-------++-------
Melee: Hand axe          |    50 |   152 |    61 |       ||   263
       Headbutt          |     8 |    30 |    42 |    28 ||   108
       War axe           |       |       |   191 |    25 ||   216
       Battleaxe         |       |       |       |    91 ||    91
Throw: Javelin           |       |       |     2 |     4 ||     6
Invok: Berserk           |     1 |     3 |     5 |     7 ||    16
       Trog's Hand       |       |     2 |     7 |     8 ||    17
       Brothers in Arms  |       |       |       |     3 ||     3
Evoke: Wand              |       |       |       |     1 ||     1
  Use: Scroll            |       |     6 |       |    14 ||    20
       Potion            |       |       |     1 |     5 ||     6
 Stab: Sleeping          |       |     1 |       |       ||     1
  Eat: Chunk             |     1 |    11 |    11 |    11 ||    34
       Ration            |       |       |     2 |     3 ||     5
Armor: Animal skin       |    13 |    15 |       |       ||    28
       Ring mail         |       |    27 |       |       ||    27
       Chain mail        |       |       |   156 |    29 ||   185
       Fire dragon scale |       |       |       |    39 ||    39
Dodge: Dodged            |    21 |   104 |   117 |   113 ||   355

Table legend:
 A = Spawn XP
 B = Non-spawn XP
 C = Spawn XP percentage of total XP
 D = Spawn monster count
 E = Non-spawn monster count
 F = Spawn count percentage of total count
 G = Total turns spent on level
                    A         B        C        D         E        F      G
               +---------+---------+-------+---------+---------+-------+---------
         Total |       0 |   14119 |   0.0 |       0 |     227 |   0.0 | 10414
               +---------+---------+-------+---------+---------+-------+---------
           D:1 |       0 |      21 |   0.0 |       0 |      14 |   0.0 |   900
           D:2 |       0 |     182 |   0.0 |       0 |      34 |   0.0 |  1043
           D:3 |       0 |     155 |   0.0 |       0 |      28 |   0.0 |   913
           D:4 |       0 |     757 |   0.0 |       0 |      25 |   0.0 |   860
           D:5 |       0 |     500 |   0.0 |       0 |      24 |   0.0 |   903
           D:6 |       0 |     391 |   0.0 |       0 |       9 |   0.0 |   786
           D:7 |       0 |    2371 |   0.0 |       0 |      24 |   0.0 |  1181
           D:8 |       0 |    2533 |   0.0 |       0 |      33 |   0.0 |  1629
           D:9 |       0 |    2730 |   0.0 |       0 |      14 |   0.0 |  1131
          D:10 |       0 |    3075 |   0.0 |       0 |      17 |   0.0 |   881
          D:11 |       0 |    1245 |   0.0 |       0 |       4 |   0.0 |    49
          D:12 |       0 |     159 |   0.0 |       0 |       1 |   0.0 |   138
               +---------+---------+-------+---------+---------+-------+---------
